 Dungeon Crawl Stone Soup version 0.25-a0-523-g9afb2ee040 (webtiles) character file.

Game seed: 15605546954241745830, levelgen mode: deterministic

22458 Flugslaktarn the Cleaver (level 12, -10/114 HPs)
             Began as a Deep Dwarf Fighter on Feb 18, 2020.
             Was an Elder of Makhleb.
             Mangled by Frances
             ... wielding a +0 short sword
              (14 damage)
             ... on level 12 of the Dungeon.
             The game lasted 00:07:04 (8288 turns).

Flugslaktarn the Cleaver (Deep Dwarf Fighter)       Turns: 8288, Time: 00:07:04

Health: -10/114    AC: 16    Str: 23    XL:     12   Next: 63%
Magic:  4/4        EV:  5    Int: 11    God:    Makhleb [****..]
Gold:   331        SH: 18    Dex: 12    Spells: 11/11 levels left

rFire    + . .     SeeInvis .   s - +3 hand axe (protect)
rCold    + . .     Gourm    .   B - +0 tower shield
rNeg     . . .     Faith    .   o - +2 chain mail {rF+}
rPois    .         Spirit   .   (no helmet)
rElec    .         Reflect  .   l - +2 cloak
rCorr    .         Harm     .   (no gloves)
MR       +....                  (no boots)
Stlth    ..........             (no amulet)
HPRegen  0.00/turn              k - ring of attention
MPRegen  0.09/turn              c - ring of protection from cold

@: corroded, protection aura, non-regenerating, hasted, very quick
A: damage resistance, heal wounds, sense surroundings 2, no regeneration
a: Heal Wounds, Minor Destruction, Lesser Servant of Makhleb, Major Destruction,
Renounce Religion


You were on level 12 of the Dungeon.
You worshipped Makhleb.
Makhleb was greatly pleased with you.
You were not hungry.

You visited 2 branches of the dungeon, and saw 13 of its levels.
You also visited: Sewer.

You collected 449 gold pieces.
You spent 118 gold pieces at shops.

Inventory:

Hand Weapons
 a - a +0 war axe
 s - a +3 hand axe of protection (weapon)
   (You took it off a wight on level 7 of the Dungeon)
Armour
 l - a +2 cloak (worn)
   (You found it on level 6 of the Dungeon)
 o - a +2 chain mail of fire resistance (worn)
   (You took it off Duvessa on level 5 of the Dungeon)
 u - a +0 kite shield
 z - a +2 kite shield of reflection
   (You found it on level 8 of the Dungeon)
 B - a +0 tower shield (worn)
   (You found it on level 9 of the Dungeon)
Jewellery
 c - a ring of protection from cold (right hand)
   (You found it on level 4 of the Dungeon)
 k - a ring of attention (left hand)
   (You found it on level 4 of the Dungeon)
 H - an uncursed ring of stealth {unknown}
   (You found it on level 11 of the Dungeon)
Wands
 m - a wand of acid (2)
   (You found it on level 6 of the Dungeon)
 y - a wand of scattershot (3)
   (You found it on level 8 of the Dungeon)
 G - a wand of paralysis (8)
   (You found it on level 12 of the Dungeon)
Scrolls
 g - 2 scrolls of fog
 p - 2 scrolls of magic mapping
 r - a scroll of identify
 t - 6 scrolls of teleportation
 w - a scroll of remove curse
 A - a scroll of holy word {unknown}
 E - a scroll of enchant weapon
 F - a scroll of brand weapon
Potions
 b - 3 potions of ambrosia
 d - a potion of might
 f - 2 potions of stabbing
 h - a potion of haste
 i - 3 potions of magic
 j - a potion of cancellation
 n - 3 potions of resistance
 q - 3 potions of curing
 v - 2 potions of brilliance {unknown}
 C - 2 potions of lignification
 D - a potion of heal wounds {unknown}
 I - a potion of invisibility {unknown}
Comestibles
 e - 16 rations
 x - 6 chunks of flesh


   Skills:
 + Level 9.1 Fighting
 * Level 13.9 Axes
 + Level 10.7 Armour
 + Level 10.7 Shields
 + Level 6.7 Invocations


You had 11 spell levels left.
You didn't know any spells.
Your spell library was empty.

Dungeon Overview and Level Annotations

Branches:
Dungeon (12/15)            Temple (1/1) D:5            Lair (0/6) D:11
    Orc (0/2) D:12          Sewer (visited)

Altars:
Ashenzari
Cheibriados
Dithmenos
Fedhas
Gozag
Hepliaklqana
Kikubaaqudgha
Makhleb
Nemelex Xobeh
Okawaru
Qazlal
Ru
Sif Muna
Trog
Uskayaw
Vehumet
Wu Jian
Xom
Yredelemnul
Zin
The Shining One

Shops:
D:4 !}%   D:12 ?

Annotations:
D:2 1 runed translucent door, Crazy Yiuf
D:5 exclusion: door
D:6 3 runed translucent doors, exclusion: oklob plant, derval's ghost, novice DEIE
D:8 3 runed translucent doors, Stick's ghost, novice CeHu
D:12 Frances


Innate Abilities, Weirdness & Mutations

You are resistant to damage.
You can heal yourself by infusing magical energy.
You passively map the area around you.
You do not regenerate.


Message History

* * * LOW HITPOINT WARNING * * *
The rust devil hits you.
* * * LOW HITPOINT WARNING * * *
The rust devil corrodes you!
You hit Frances but do no damage.
Frances is heavily wounded.
You hit the sun demon. You hit the rust devil.
You block the sun demon's attack. The red devil barely misses you.
You hit Frances but do no damage.
Frances is heavily wounded.
You closely miss the sun demon.
Your shield and chain mail prevent you from hitting the rust devil.
You block Frances's attack.
You closely miss Frances.
Frances is heavily wounded.
You hit the rust devil but do no damage.
You hit the sun demon. You block the rust devil's attack.
The sun demon hits you but does no damage.
Frances hits you with a +0 short sword!
You die...

#.....###.####.#
, #######.....#
#..# #.#* ,
#...........#
##(# #.. ' , ,
#........####
##.# ### * ,
#........#
###..# , ,
#........#
#..(.# ,,
#........#
##....# ,
##########
#.....# , , *
#3@..## * #)@4.#
* , #.4### ,
#.## * * #. , ,
,, #. , , , * #.
, ## * * ** * ,


You could see Frances, a sun demon, a rust devil and a red devil.

Vanquished Creatures
  Erolcha (D:12)
  A hydra (D:11)
  Erica (D:8)
  An ogre mage (D:11)
  A tengu warrior (D:11)
  4 two-headed ogres
  Nergalle (D:11)
  Pikel (D:8)
  A cyclops (D:12)
  A manticore (D:12)
  3 gargoyles
  Maggie (D:8)
  2 hornets
  Grinder (D:6)
  A meliai zombie (D:11)
  A troll (D:12)
  5 hippogriffs
  Sigmund (D:2)
  A vampire (D:11)
  20 yaks
  A hungry ghost (D:7)
  Grum (D:9)
  Edmund (D:6)
  Menkaure (D:6)
  2 wargs (D:11)
  2 water moccasins
  Duvessa (D:5)
  5 ice beasts
  A sky beast (D:12)
  5 phantoms
  2 black bears
  6 orc warriors
  2 wolves (D:9)
  3 ogres
  20 centaurs
  A crocodile (D:8)
  A big kobold (D:11)
  Blork the orc (D:5)
  9 bullfrogs
  2 gnoll sergeants
  A wyvern skeleton (D:6)
  Dowan (D:5)
  2 scorpions
  2 troll zombies (D:12)
  3 killer bees (D:10)
  7 wights
  4 howler monkeys
  7 crimson imps
  A centaur zombie (D:10)
  A quasit (D:9)
  A bullfrog zombie (D:12)
  5 hounds
  13 orc priests
  A centaur skeleton (D:10)
  16 orc wizards
  8 jellies
  2 bullfrog skeletons
  3 iguanas
  9 worker ants
  6 ogre zombies (D:12)
  A hound skeleton (D:4)
  A worker ant zombie (D:5)
  9 gnolls
  6 adders
  6 shadow imps
  7 oozes
  A dart slug (D:4)
  3 leopard geckos
  49 orcs
  7 ball pythons
  A bat (D:1)
  2 giant cockroaches (D:4)
  3 goblins
  2 hobgoblins
  16 jackals
  11 kobolds
  A quokka (D:3)
  5 frilled lizards
  6 goblin zombies (D:12)
  3 hobgoblin skeletons (D:12)
  2 hobgoblin zombies (D:12)
  A jackal zombie (D:5)
  A leopard gecko skeleton (D:4)
  3 orc skeletons (D:12)
  11 orc zombies (D:12)
  A rat (D:6)
368 creatures vanquished.

Vanquished Creatures (others)
  A wyvern (D:8)
  4 slaves (D:8)
  A water moccasin (D:8)
  A black bear (D:8)
  An orc wizard (D:8)
  A quokka (D:2)
9 creatures vanquished.

Grand Total: 377 creatures vanquished

Notes
Turn   | Place    | Note
-------+----------+-------------------------------------------
     0 | D:1      | Flugslaktarn the Deep Dwarf Fighter began the quest for the
                  | Orb.
     0 | D:1      | Reached XP level 1. HP: 20/20 MP: 1/1
    82 | D:2      | Noticed Sigmund
    91 | D:2      | HP: 1/20 [Sigmund/cursed -3 scythe (10)]
   103 | D:2      | Killed Sigmund
   103 | D:2      | Reached skill level 4 in Axes
   103 | D:2      | Reached XP level 2. HP: 21/28 MP: 2/2
   103 | D:2      | Reached XP level 3. HP: 25/34 MP: 3/3
   103 | D:2      | Reached XP level 4. HP: 31/42 MP: 4/4
   103 | D:2      | Reached XP level 5. HP: 36/49 MP: 5/5
   131 | D:2      | Found a runed translucent door.
   132 | D:2      | Noticed Crazy Yiuf
   516 | D:4      | Reached XP level 6. HP: 45/56 MP: 6/6
   566 | D:4      | Reached skill level 5 in Axes
   585 | D:4      | Found Niro's Gadget Boutique.
   587 | D:4      | HP: 2/57 [orc priest/divine providence (9)]
   674 | D:4      | Found Vakecanuot's Distillery.
   678 | D:4      | Bought a potion of curing for 36 gold pieces
   762 | D:4      | Found Inidewiq's Food Emporium.
   845 | D:4      | Found a radiant altar of Vehumet.
   961 | D:5      | Entered Level 5 of the Dungeon
  1066 | D:5      | Reached skill level 5 in Shields
  1066 | D:5      | Reached XP level 7. HP: 53/64 MP: 6/6
  1071 | D:5      | Found a staircase to the Ecumenical Temple.
  1076 | D:5      | Noticed Blork the orc
  1088 | D:5      | Killed Blork the orc
  1088 | D:5      | Reached skill level 5 in Armour
  1093 | Temple   | Entered the Ecumenical Temple
  1320 | D:5      | Reached skill level 6 in Axes
  1449 | D:5      | Found an ornate altar of the Wu Jian Council.
  1482 | D:5      | Noticed Duvessa
  1486 | D:5      | Noticed Dowan
  1494 | D:5      | Killed Dowan
  1519 | D:5      | Killed Duvessa
  1520 | D:5      | Found a hide-covered altar of Uskayaw.
  1702 | D:5      | Reached XP level 8. HP: 28/73 MP: 5/5
  1892 | D:5      | Reached skill level 7 in Axes
  2009 | D:5      | Found a shimmering blue altar of Sif Muna.
  2094 | D:6      | Noticed Edmund
  2095 | D:6      | Noticed Grinder
  2099 | D:6      | Noticed Menkaure
  2117 | D:6      | Killed Edmund
  2126 | D:6      | Killed Menkaure
  2126 | D:6      | Reached skill level 5 in Fighting
  2136 | D:6      | Killed Grinder
  2152 | D:6      | Found a runed translucent gate.
  2152 | D:6      | Found a runed translucent gate.
  2155 | D:6      | Noticed derval's ghost (novice DEIE)
  2156 | D:6      | Found a runed translucent gate.
  2156 | D:6      | Identified the cursed +1 whip of Hixi {venom, rC- Str+3
                  | Dex+4}
  2205 | D:6      | Reached skill level 8 in Axes
  2324 | D:6      | Found a glowing drain.
  2350 | Sewer    | Entered a sewer
  3054 | D:6      | Gained mutation: You passively map the area around you.
                  | [Deep Dwarf growth]
  3054 | D:6      | Reached XP level 9. HP: 48/81 MP: 5/5
  3133 | D:6      | Found a blossoming altar of Fedhas.
  3153 | D:6      | Noticed an oklob plant
  3411 | D:7      | Found an opulent altar of Gozag.
  3676 | D:7      | Found a stormy altar of Qazlal.
  3778 | D:7      | Reached skill level 9 in Axes
  4441 | D:8      | Noticed Pikel
  4454 | D:8      | Killed Pikel
  4466 | D:8      | Reached skill level 10 in Axes
  4514 | D:8      | Reached XP level 10. HP: 55/92 MP: 6/6
  4515 | D:8      | Noticed Erica
  4545 | D:8      | Killed Erica
  4583 | D:8      | Found a bloodstained altar of Trog.
  4733 | D:8      | Found a runed translucent gate.
  4734 | D:8      | Found a runed translucent gate.
  4751 | D:8      | Found a runed translucent gate.
  4785 | D:8      | Noticed a two-headed ogre
  4786 | D:8      | Noticed Maggie
  4803 | D:8      | Killed a two-headed ogre
  4819 | D:8      | Reached skill level 11 in Axes
  4825 | D:8      | Killed Maggie
  5085 | D:8      | Noticed Stick's ghost (novice CeHu)
  5301 | D:9      | Noticed Grum
  5315 | D:9      | Killed Grum
  5809 | D:9      | Found a burning altar of Makhleb.
  5810 | D:9      | Found a snail-covered altar of Cheibriados.
  5828 | D:9      | Reached XP level 11. HP: 44/100 MP: 4/4
  5850 | D:9      | Became a worshipper of Makhleb the Destroyer
  5920 | D:10     | Entered Level 10 of the Dungeon
  5925 | D:10     | Noticed a two-headed ogre
  5941 | D:10     | Killed a two-headed ogre
  5941 | D:10     | Reached skill level 12 in Axes
  5941 | D:10     | Reached skill level 1 in Invocations
  6130 | D:10     | Noticed a two-headed ogre
  6142 | D:10     | Paralysed by a hornet for 3 turns
  6147 | D:10     | Killed a two-headed ogre
  6151 | D:10     | Paralysed by a hornet for 2 turns
  6543 | D:10     | Reached * piety under Makhleb
  6934 | D:11     | Noticed an ogre mage
  6977 | D:11     | Killed an ogre mage
  7010 | D:11     | Noticed a tengu warrior
  7051 | D:11     | Killed a tengu warrior
  7150 | D:11     | Reached skill level 10 in Shields
  7152 | D:11     | Reached skill level 13 in Axes
  7210 | D:11     | Reached skill level 10 in Armour
  7213 | D:11     | Reached ** piety under Makhleb
  7220 | D:11     | Reached XP level 12. HP: 66/112 MP: 3/3
  7337 | D:11     | Found a staircase to the Lair.
  7347 | D:11     | Reached skill level 5 in Invocations
  7475 | D:11     | Noticed Nergalle
  7514 | D:11     | Killed Nergalle
  7613 | D:11     | Noticed a two-headed ogre
  7631 | D:11     | Killed a two-headed ogre
  7701 | D:11     | Noticed a seven-headed hydra
  7709 | D:11     | Killed a seven-headed hydra
  7873 | D:12     | Noticed Erolcha
  7908 | D:12     | Killed Erolcha
  7922 | D:12     | Reached *** piety under Makhleb
  7964 | D:12     | Found a staircase to the Orcish Mines.
  8128 | D:12     | Found Buwette's Magic Scroll Emporium.
  8132 | D:12     | Bought a scroll of enchant weapon for 82 gold pieces
  8213 | D:12     | Reached **** piety under Makhleb
  8262 | D:12     | Noticed Frances
  8285 | D:12     | HP: 4/114 [rust devil[Frances] (2)]
  8288 | D:12     | Mangled by Frances

Levels and vault maps discovered:
D:1:      shiori_arrival_oz, layout_basic, serial_aquarium,
          aquarium_bridge_long_separate [aquarium_subvault_bridge,
          aquarium_subvault_wall, aquarium_subvault_wall,
          aquarium_subvault_bridge, aquarium_subvault_window,
          aquarium_subvault_bridge], aquarium_window_1, aquarium_window_fake,
          aquarium_view_2a, aquarium_pool_2, hangedman_decor_diamond_cutter,
          minmay_fountain_box, minmay_vboxes
D:2:      layout_loops_corners, elyvilon_altar_4, first_ration, minmay_bisected,
          uniq_jessica, uniq_crazy_yiuf_cottage, uniq_sigmund
D:3:      layout_loops_ring, uniq_natasha, uniq_terence
D:4:      layout_cave_pools, nicolae_overflow_hidden_temple, serial_shops, shop,
          shop, shop
D:5:      layout_loops_corners, led_sif_book, lemuel_crystal_altar,
          nicolae_overflow_crystal_walls, minmay_temple_entry_antechambers,
          palyth_stone_intersect, uniq_duvessa, uniq_blork_the_orc
D:6:      layout_rooms, tgw_fedhas, cheibrodos_sewer_entry_drain,
          gammafunk_ghost_nasty_kobolds, st_stairs_14, uniq_edmund,
          uniq_menkaure, uniq_grinder
D:7:      layout_loops_corners, grunt_gozag_breadcrumbs,
          kennysheep_big_empty_room, grunt_qazlal_sundering
D:8:      layout_cave_pools, basic_altar, gammafunk_ghost_necromancy,
          hangedman_little_slice_of_home, minmay_misc_feat_enclosed,
          uniq_maggie, uniq_pikel, uniq_erica
D:9:      layout_cave_pools, gammafunk_temple_overflow_pools, special_room
          [special_room_orc], grunt_ministairs_11, uniq_grum
D:10:     layout_long_grid, kennysheep_another_room
D:11:     layout_stronghold, erik_lair_orcish_takeover, kb_rosetta,
          uniq_nergalle
D:12:     minmay_opposing_rooms, layout_basic, zombieorc2_lemuel, serial_shops,
          shop, uniq_erolcha, uniq_frances
Temple:   dshaligram_water_room_temple

Skill      XL: |  1  2  3  4  5  6  7  8  9 10 11 12 |
---------------+-------------------------------------+-----
Fighting       | 3 4 5 6 7 8 9 |  9.1
Axes           | 4 5 6 8 10 11 13 | 13.9
Armour         | 4 5 6 7 9 10 | 10.7
Shields        | 4 5 6 7 9 10 | 10.7
Invocations    | 4 6 |  6.7

Action                   |  1- 3 |  4- 6 |  7- 9 | 10-12 || total
-------------------------+-------+-------+-------+-------++-------
Melee: War axe           |    27 |   110 |   445 |       ||   582
       Hand axe          |       |       |    65 |  1095 ||  1160
 Abil: Heal Wounds       |     1 |     6 |    19 |    35 ||    61
Evoke: Wand              |       |       |       |     5 ||     5
  Use: Scroll            |       |       |     5 |     9 ||    14
       Potion            |       |       |     1 |     2 ||     3
  Eat: Chunk             |       |     1 |    17 |    14 ||    32
Armor: Scale mail        |     7 |    46 |    24 |       ||    77
       Chain mail        |       |       |   255 |   523 ||   778
Dodge: Dodged            |     6 |    37 |   119 |   175 ||   337
Block: Kite shield       |    17 |    71 |   289 |    78 ||   455
       Tower shield      |       |       |       |   869 ||   869

Table legend:
 A = Non-vault XP
 B = Vault XP
 C = Vault XP percentage of total XP
 D = Non-vault monster count
 E = Vault monster count
 F = Vault count percentage of total count
                 A         B        C        D         E       F
            +---------+---------+-------+---------+---------+-------
      Total |   22125 |    9959 |  31.0 |     243 |     127 |  34.3
            +---------+---------+-------+---------+---------+-------
        D:1 |       6 |       0 |   0.0 |       3 |       0 |   0.0
        D:2 |      14 |     241 |  94.5 |       5 |       3 |  37.5
        D:3 |       5 |       0 |   0.0 |       2 |       0 |   0.0
        D:4 |     400 |       0 |   0.0 |      19 |       0 |   0.0
        D:5 |     637 |     310 |  32.7 |      15 |       3 |  16.7
        D:6 |     797 |     551 |  40.9 |      17 |       6 |  26.1
        D:7 |    1108 |       0 |   0.0 |      30 |       0 |   0.0
        D:8 |    2528 |    2079 |  45.1 |      21 |      11 |  34.4
        D:9 |    1896 |    1100 |  36.7 |      26 |      30 |  53.6
       D:10 |    4246 |       0 |   0.0 |      34 |       0 |   0.0
       D:11 |    7306 |    3231 |  30.7 |      47 |      12 |  20.3
       D:12 |    3182 |    2415 |  43.1 |      24 |      41 |  63.1
      Sewer |       0 |      32 | 100.0 |       0 |      21 | 100.0
            +---------+---------+-------+---------+---------+-------
